 Dungeon Crawl Stone Soup version 0.29-a0-575-g0dc89cf053 (webtiles) character file.

Game seed: 15282734175775149870

984 tilp the Grave Robber (level 7, -1/52 HPs)
             Began as a Mummy Necromancer on June 13, 2022.
             Slain by a wight
             ... wielding a +3 mace
              (3 damage)
             ... on level 6 of the Dungeon.
             The game lasted 00:09:06 (5957 turns).

tilp the Grave Robber (Mummy Necromancer)           Turns: 5957, Time: 00:09:07

Health: -1/52      AC:  5    Str: 11    XL:     7   Next: 97%
Magic:  22/22      EV: 12    Int: 16    God:
Gold:   445        SH:  0    Dex: 13    Spells: 6/14 levels left

rFire   x . .      SeeInvis .   a - +2 rapier (drain)
rCold   + . .      Faith    .   (no shield)
rNeg    + + +      Spirit   .   e - +0 robe
rPois   ∞          Reflect  .   l - +2 hat {Will+}
rElec   .          Harm     .   p - +0 cloak
rCorr   .          Rampage  .   (no gloves)
Will    +....                   (no boots)
Stlth   ++........              (no amulet)
HPRegen 0.17/turn               f - ring of magical power
MPRegen 0.18/turn               t - ring of wizardry

@: no status effects
A: cold resistance 1, negative energy resistance 3, torment resistance 2, heat
vulnerability 1, in touch with death 1, no potions
a: no special abilities


You were on level 6 of the Dungeon.
You visited 2 branches of the dungeon, and saw 7 of its levels.

You collected 445 gold pieces.

Inventory:

Hand Weapons
 a - a +2 rapier of draining (weapon)
 y - a +0 short sword
Missiles
 c - 104 stones
 v - 3 poisoned darts (quivered)
Armour
 e - a +0 robe (worn)
 l - a +2 hat of willpower (worn)
 p - a +0 cloak (worn)
Magical Staves
 b - a staff of death
Jewellery
 f - a ring of magical power (left hand)
 t - a ring of wizardry (right hand)
 x - a ring of resist corrosion
Wands
 r - a wand of paralysis (16)
 u - a wand of digging (9)
 w - a wand of iceblast (9)
Scrolls
 d - 4 scrolls of enchant weapon
 g - 3 scrolls of vulnerability
 h - 2 scrolls of fear {unknown}
 i - 2 scrolls of amnesia {unknown}
 j - 2 scrolls of brand weapon {unknown}
 k - 2 scrolls of teleportation {unknown}
 m - 3 scrolls of fog {unknown}
 n - a scroll of blinking {unknown}
 o - a scroll of poison {unknown}
 q - a scroll of magic mapping {unknown}
 s - 3 scrolls of summoning {unknown}


   Skills:
 + Level 3.1 Fighting
 + Level 0.1 Staves
 + Level 2.9 Dodging
 - Level 3.0 Stealth
 + Level 4.2 Spellcasting
 * Level 7.0 Necromancy
 * Level 2.8 Evocations


You had 6 spell levels left.
You knew the following spells:

 Your Spells              Type           Power      Damage    Failure   Level
a - Necrotize             Necr           100%       1d9       1%          1
b - Vampiric Draining     Necr           39%        2d8       1%          3
c - Animate Dead          Necr           39%        N/A       3%          4

Your spell library contained the following spells:

 Spells                   Type           Power      Damage    Failure   Level
 Ensorcelled Hibernation  Hex/Ice        6%         N/A       11%         2
 Passwall                 Tmut/Erth      2%         N/A       11%         2
 Agony                    Necr           39%        N/A       11%         5
 Gell's Gravitas          Tloc           3%         N/A       21%         3
 Lesser Beckoning         Tloc           3%         N/A       21%         3
 Swiftness                Air            3%         N/A       21%         3
 Teleport Other           Tloc           3%         N/A       21%         3
 Fulminant Prism          Conj/Hex       1%         3d6       52%         4
 Iskenderun's Mystic Bla  Conj/Tloc      3%         2d3       52%         4
 Lee's Rapid Deconstruct  Erth           1%         3d5*      86%         5


Dungeon Overview and Level Annotations

Branches:
Dungeon (6/15)             Temple (1/1) D:4

Altars:
Cheibriados
Dithmenos
Okawaru
Qazlal
Ru
Sif Muna
Trog
Uskayaw
Vehumet
Wu Jian
Yredelemnul
Zin
Lugonu

Shops:
D:3 (

Annotations:
D:5 Edmund


Innate Abilities, Weirdness & Mutations

You are immune to poison.
Your flesh is cold resistant. (rC+)
You are immune to negative energy. (rN+++)
You are immune to unholy pain and torment.
You are vulnerable to heat. (rF-)
You are in touch with the powers of death.
You do not drink.


Message History

Throw: 105 stones
Press: ? - help, Shift-Dir - straight line, f/p - wight
Aim: a wight, wielding a +3 mace and wearing a +0 robe (57% to hit)
You throw a stone. The stone barely misses the wight.
You hit the wight.
The wight is moderately damaged.
The wight closely misses you.
You hit the wight.
The wight is heavily damaged.
The wight hits you with a +3 mace!
You closely miss the wight.
The wight is heavily damaged.
The wight hits you with a +3 mace! The wight misses you.
You closely miss the wight.
The wight is heavily damaged.
The wight closely misses you.
You barely miss the wight.
The wight is heavily damaged.
The wight misses you.
You hit the wight but do no damage.
The wight is heavily damaged.
The wight barely misses you.
You closely miss the wight.
The wight is heavily damaged.
The wight hits you with a +3 mace!
* * * LOW HITPOINT WARNING * * *
You barely miss the wight.
The wight is heavily damaged.
The wight hits you with a +3 mace.
* * * LOW HITPOINT WARNING * * *
The wight hits you with a +3 mace.
* * * LOW HITPOINT WARNING * * *
You puncture the wight!
The wight is almost destroyed.
The wight hits you with a +3 mace.
* * * LOW HITPOINT WARNING * * *
You hit the wight but do no damage.
The wight is almost destroyed.
The wight hits you with a +3 mace.
You die...

.. #.##.# .#
#.##.# .# #.##.#
##.# #.##.# #(.#
#..... #(# #.....
#.# #.##.# #z#
##.##.# #@#
##...#.#
#.#########......#
#.........)......#
###########.....##
##...## ##.####
#..... ######


You could see a wight.

Vanquished Creatures
  A black bear (D:5)
  4 ogres
  2 scorpions (D:5)
  A wight (D:6)
  3 hounds (D:5)
  3 orc priests (D:4)
  An iguana (D:5)
  Ijyb (D:4)
  An orc wizard (D:4)
  5 adders
  3 worms (D:3)
  6 orcs
  3 bats (D:1)
  5 endoplasms
  3 giant cockroaches
  7 goblins
  11 hobgoblins
  7 jackals
  5 quokkas
  7 ball pythons
  2 frilled lizards (D:2)
  8 kobolds
  5 rats
94 creatures vanquished.

Vanquished Creatures (collateral kills)
  A frilled lizard (D:1)
1 creature vanquished.

Vanquished Creatures (others)
  3 toadstools (D:3)
3 creatures vanquished.

Grand Total: 98 creatures vanquished

Notes
Turn   | Place    | Note
-------+----------+-------------------------------------------
     0 | D:1      | tilp the Mummy Necromancer began the quest for the Orb.
     0 | D:1      | Reached XP level 1. HP: 13/13 MP: 4/4
   233 | D:1      | Reached XP level 2. HP: 20/20 MP: 0/5
   349 | D:1      | Reached skill level 1 in Fighting
   537 | D:1      | Gained mutation: You are in touch with the powers of death.
                  | [Mummy growth]
   537 | D:1      | Reached XP level 3. HP: 14/26 MP: 0/7
   607 | D:1      | Learned a level 3 spell: Vampiric Draining
  1384 | D:1      | Identified a scroll of acquirement
  1385 | D:1      | Acquired a +2 hat of willpower
  2150 | D:3      | Found Kosu's Weapon Shoppe.
  2282 | D:3      | Found a stormy altar of Qazlal.
  2334 | D:3      | Reached XP level 4. HP: 33/33 MP: 8/8
  2592 | D:3      | Found an ornate altar of the Wu Jian Council.
  2605 | D:3      | Found a snail-covered altar of Cheibriados.
  2835 | D:3      | Found a faded altar of an unknown god.
  2929 | D:3      | Reached skill level 5 in Necromancy
  3313 | D:4      | Noticed a +0 hand axe
  3314 | D:4      | Found a hide-covered altar of Uskayaw.
  3315 | D:4      | Noticed a +0 hand axe
  3332 | D:4      | Noticed an ogre
  3337 | D:4      | Killed an ogre
  3338 | D:4      | Reached XP level 5. HP: 38/38 MP: 9/9
  3404 | D:4      | Reached skill level 6 in Necromancy
  3426 | D:4      | Learned a level 4 spell: Animate Dead
  3594 | D:4      | Found a staircase to the Ecumenical Temple.
  3612 | Temple   | Entered the Ecumenical Temple
  3731 | D:4      | Noticed Ijyb
  3741 | D:4      | Killed Ijyb
  3806 | D:4      | Noticed an ogre
  3812 | D:4      | Killed an ogre
  3813 | D:4      | Reached skill level 1 in Evocations
  3813 | D:4      | Reached XP level 6. HP: 44/44 MP: 10/10
  4271 | D:5      | Entered Level 5 of the Dungeon
  4356 | D:5      | Reached XP level 7. HP: 51/51 MP: 12/12
  5064 | D:5      | Noticed Edmund
  5129 | D:5      | Reached skill level 7 in Necromancy
  5419 | D:5      | Acquired a staff of death
  5535 | D:6      | HP: 2/52 [wight/+6 hand axe (16)]
  5956 | D:6      | HP: 2/52 [wight/+3 mace (6)]
  5957 | D:6      | Slain by a wight

Illustrated notes

Levels and vault maps discovered:
D:1:      dpeg_arrival_rooms_b, layout_basic
D:2:      layout_rooms
D:3:      layout_loops_corners, mainiacjoe_overflow_brackets, slow_altar_2,
          nicolae_qazlal_general_emergency,
          dreamdust_ecumenical_altar_angels_and_demons, serial_shops,
          nicolae_shop_stone, minmay_gold_behind_fungi, minmay_close_crescents
D:4:      layout_basic, dancing_weapons_uskayaw,
          minmay_temple_entry_drinking_statues, uniq_ijyb
D:5:      layout_loops_ring, uniq_edmund
D:6:      layout_loops_ring, lemuel_tele_altar, kennysheep_mini,
          elyvilon_altar_5, uniq_eustachio, uniq_sigmund
Temple:   corrupted_temple

Skill      XL: |  1  2  3  4  5  6  7 |
---------------+----------------------+-----
Fighting       | 1 2 3 |  3.1
Spellcasting   | 3 4 |  4.2
Stealth        | 2 3 |  3.0
Dodging        | 2 |  2.9
Necromancy     | 5 6 7 |  7.0
Evocations     | 1 2 |  2.8
Staves         | |  0.1

Action                   |  1- 3 |  4- 6 |  7- 9 || total
-------------------------+-------+-------+-------++-------
Melee: Short sword       |    18 |       |       ||    18
       Rapier            |     1 |    23 |    21 ||    45
       Punch             |       |       |     1 ||     1
Throw: Stone             |     1 |     1 |     2 ||     4
       Dart              |       |     1 |       ||     1
 Cast: Necrotize         |    70 |    63 |    16 ||   149
       Vampiric Draining |       |    11 |    13 ||    24
Evoke: Wand              |       |       |     1 ||     1
  Use: Scroll            |     3 |     1 |     1 ||     5
 Stab: Sleeping          |     1 |       |       ||     1
       Paralysed         |       |       |     2 ||     2
Armor: Robe              |     6 |     8 |     3 ||    17
Dodge: Dodged            |    18 |    30 |    15 ||    63

Table legend: (Time is in decaauts)
 A = Elapsed time spent in this place.
 B = Non-inter-level travel time spent in this place.
 C = Inter-level travel time spent in this place.
 D = Time resting spent in this place.
 E = Time spent auto-exploring this place.
 F = Levels seen in this place.
 G = Mean time per level.
                   A        B        C        D        E       F      G
               +--------+--------+--------+--------+--------+-----+--------+
         Total |   5964 |   5823 |    141 |    542 |   4507 |   7 |  852.0 |
       Dungeon |   5913 |   5787 |    126 |    542 |   4480 |   6 |  985.5 |
        Temple |     50 |     35 |     15 |      0 |     27 |   1 |   50.0 |
               +--------+--------+--------+--------+--------+-----+--------+

Top non-repeatable levels by time:
     D:1: 1413 daAuts
     D:5: 1162 daAuts
     D:3: 1151 daAuts
     D:4: 1039 daAuts
     D:2: 619 daAuts
     D:6: 526 daAuts
  Temple: 50 daAuts
